 Dungeon Crawl Stone Soup version 0.23.2-1-ga50397a6bc (webtiles) character file.

Game seed: 14774860014621852303

95 GreenRAT the Cudgeler (level 4, 0/29 HPs)
             Began as a Gargoyle Monk on May 18, 2019.
             Slain by an orc wizard
             ... wielding a +0 dagger
              (3 damage)
             ... on level 4 of the Dungeon.
             The game lasted 00:08:42 (1986 turns).

GreenRAT the Cudgeler (Gargoyle Monk)               Turns: 1986, Time: 00:08:42

Health: 0/29       AC:  7    Str: 14    XL:     4   Next: 66%
Magic:  4/4        EV: 13    Int: 11    God:
Gold:   91         SH:  0    Dex: 13    Spells: 3/3 levels left

rFire    . . .     SeeInvis .   o - +1 rapier (flame)
rCold    . . .     Gourm    .   (no shield)
rNeg     + . .     Faith    .   b - +0 robe
rPois    ∞         Spirit   .   l - +0 helmet
rElec    +         Reflect  .   n - +0 cloak
rCorr    .         Harm     .   (no gloves)
MR       .....                  (no boots)
Stlth    ++........             (no amulet)
HPRegen  0.09/turn              (no ring)
MPRegen  0.09/turn              (no ring)

@: no status effects
A: negative energy resistance 1, electricity resistance, unbreathing,
petrification resistance, rot immunity, AC +3
a: no special abilities


You were on level 4 of the Dungeon.
You were not hungry.

You visited 1 branch of the dungeon, and saw 4 of its levels.

You collected 91 gold pieces.

Inventory:

Hand Weapons
 a - a +0 mace
 o - a +1 rapier of flaming (weapon)
Missiles
 s - 3 javelins (quivered)
Armour
 b - a +0 robe (worn)
 c - a +0 robe
 l - a +0 helmet (worn)
 n - a +0 cloak (worn)
Jewellery
 t - an uncursed ring of protection from magic {unknown}
Wands
 v - a wand of random effects (25)
Scrolls
 d - a scroll of teleportation {unknown}
 e - 2 scrolls of identify {unknown}
 f - a scroll of noise {unknown}
 h - a scroll of fog {unknown}
 j - a scroll of enchant weapon {unknown}
 k - a scroll of amnesia {unknown}
 p - a scroll of fear {unknown}
 q - a scroll of remove curse {unknown}
Potions
 g - 2 potions of haste {unknown}
 i - a potion of heal wounds {unknown}
 m - a potion of agility {unknown}
 u - 2 potions of curing {unknown}
Comestibles
 r - 2 rations


   Skills:
 + Level 3.8 Fighting
 + Level 0.1 Short Blades
 + Level 4.2 Maces & Flails
 + Level 2.9 Dodging
 + Level 2.8 Stealth


You had 3 spell levels left.
You didn't know any spells.
Your spell library was empty.

Dungeon Overview and Level Annotations

Branches:
Dungeon (4/15)
 Temple: D:4-7

Altars:
Nemelex Xobeh


Innate Abilities, Weirdness & Mutations

You are resistant to torment.
Your stone body is resilient. (AC +3)
You are immune to poison.
You resist negative energy. (rN+)
You are resistant to electric shocks. (rElec)
You can survive without breathing.
You are immune to petrification.
You are immune to rotting.


Message History

A magic dart appears from out of thin air!
The magic dart hits you!
* * * LOW HITPOINT WARNING * * *
You hit something but do no damage. Something hits you but does no damage.
You miss something.
You hear some strange, mumbled words.
Something tries to affect you, but you resist.
You miss something. Something hits you but does no damage. Something hits you.
* * * LOW HITPOINT WARNING * * *
You miss something. Something hits you.
* * * LOW HITPOINT WARNING * * *
There is a stone staircase leading down here.
Something hits you but does no damage.
You climb downwards.
Reactivating autopickup.
Found 6 gold pieces.
Found a stone staircase leading up and a stone staircase leading down.
There is a stone staircase leading up here.
Something hits you.
You die...

## $#
##.
#..
#.#
#.#
#@#
#{#
#.#
..<
...
#>...
##.##
#.#


There were no monsters in sight!

Vanquished Creatures
  Jessica (D:2)
  An adder (D:2)
  2 oozes
  A worm (D:2)
  2 dart slugs (D:2)
  2 leopard geckos
  A giant cockroach (D:2)
  11 goblins
  5 hobgoblins
  4 kobolds
  5 bats (D:1)
  5 frilled lizards
  A rat (D:2)
41 creatures vanquished.

Notes
Turn   | Place    | Note
-------+----------+-------------------------------------------
     0 | D:1      | GreenRAT the Gargoyle Monk began the quest for the Orb.
     0 | D:1      | Reached XP level 1. HP: 14/14 MP: 1/1
    59 | D:1      | Found a sparkling altar of Nemelex Xobeh.
   147 | D:1      | Reached XP level 2. HP: 19/19 MP: 2/2
   571 | D:1      | Reached XP level 3. HP: 22/23 MP: 3/3
  1220 | D:2      | Noticed Jessica
  1241 | D:2      | Killed Jessica
  1241 | D:2      | Reached skill level 4 in Maces & Flails
  1241 | D:2      | Reached XP level 4. HP: 17/29 MP: 4/4
  1986 | D:4      | Slain by an orc wizard

Skill      XL: |  1  2  3 |
---------------+----------+-----
Maces & Flails | 4 |  4.2
Fighting       | |  3.8
Short Blades   | |  0.1
Dodging        | |  2.9
Stealth        | |  2.8

Action                   |  1- 3 |  4- 6 || total
-------------------------+-------+-------++-------
Melee: Mace              |    83 |       ||    83
       Rapier            |       |    33 ||    33
 Stab: Sleeping          |     4 |     1 ||     5
  Eat: Ration            |     1 |       ||     1
Armor: Robe              |    21 |    13 ||    34
Dodge: Dodged            |    53 |     6 ||    59
